 Dungeon Crawl Stone Soup version 0.30.1 (webtiles) character file.

Game seed: 15852979171602542355

5289 Renzlar the Blocker (level 10, 16/82 HPs)
             Began as a Gnoll Fighter on July 3, 2023.
             Was an Elder of Okawaru.
             Quit the game on level 10 of the Dungeon on July 4, 2023.
             The game lasted 00:36:00 (8252 turns).

Renzlar the Blocker (Gnoll Fighter)                 Turns: 8252, Time: 00:36:01

Health: 16/82      AC: 14    Str: 25    XL:     10   Next: 63%
Magic:  18/18      EV: 17    Int:  9    God:    Okawaru [****..]
Gold:   622        SH:  7    Dex: 11    Spells: 13/20 levels left

rFire   . . .        d - +2 demon trident (flame)
rCold   . . .        I - +1 buckler
rNeg    + . .        B - +1 ring mail of Dogma {rElec rN+ Str+2}
rPois   .            C - +0 helmet
rElec   +            r - +0 cloak
rCorr   .            l - +0 pair of gloves
SInv    +            u - +1 pair of boots of Suqyze {+Blink Str+4}
Will    .....        (no amulet)
Stlth   ++           E - +5 ring of evasion
HPRegen 0.33/turn    D - ring of see invisible
MPRegen 0.16/turn

%: no passive effects
@: studying Unarmed Combat
A: fangs 1, strong nose, distributed training
a: Renounce Religion, Evoke Blink, Heroism, Finesse


You were on level 10 of the Dungeon.
You worshipped Okawaru.
Okawaru was greatly pleased with you.
You visited 2 branches of the dungeon, and saw 11 of its levels.

You collected 622 gold pieces.

Inventory:

Hand Weapons
 a - a +0 war axe
 c - a +0 sling
 d - a +2 demon trident of flaming (weapon)
 o - a +4 dagger of pain
Missiles
 w - 13 poisoned darts (quivered)
 y - 2 javelins
 G - a curare-tipped dart
Armour
 l - a +0 pair of gloves (worn)
 r - a +0 cloak (worn)
 u - the +1 pair of boots of Suqyze (worn) {+Blink Str+4}
   (You found it on level 4 of the Dungeon)

   Str:       It affects your strength (+4).
   +Blink:    It lets you blink.
 B - the +1 ring mail of Dogma (worn) {rElec rN+ Str+2}
   (You took it off an orc on level 5 of the Dungeon)

   Str:       It affects your strength (+2).
   rElec:     It insulates you from electricity.
   rN:        It protects you from negative energy.
 C - a +0 helmet (worn)
 I - a +1 buckler (worn)
Jewellery
 q - a ring of positive energy
 A - a ring of fire
 D - a ring of see invisible (right hand)
 E - a +5 ring of evasion (left hand)
Wands
 n - a wand of roots (27)
 x - a wand of mindburst (10)
 J - a wand of acid (5)
Scrolls
 h - 2 scrolls of amnesia
 m - a scroll of enchant weapon
 s - 3 scrolls of teleportation
 t - a scroll of fear
 v - 2 scrolls of blinking
Potions
 b - a potion of mutation {unknown}
 e - 6 potions of curing
 f - a potion of magic
 i - 2 potions of flight
 j - a potion of invisibility
 k - a potion of lignification
 p - 4 potions of cancellation
 z - a potion of might
 F - a potion of heal wounds
 H - a potion of haste
Miscellaneous
 g - a box of beasts


   Skills:
 + Level 8.8 Fighting
 + Level 5.6 Short Blades
 + Level 5.6 Long Blades
 + Level 7.4 Axes
 + Level 5.6 Maces & Flails
 + Level 5.6 Polearms
 + Level 5.6 Staves
 + Level 5.6 Ranged Weapons
 + Level 5.6 Throwing
 + Level 8.8 Armour
 + Level 5.6 Dodging
 + Level 5.6 Stealth
 + Level 8.8 Shields
 + Level 7.7 Unarmed Combat
 + Level 5.6 Spellcasting
 + Level 4.7 Conjurations
 + Level 4.7 Hexes
 + Level 4.7 Summonings
 + Level 4.7 Necromancy
 + Level 4.7 Translocations
 + Level 4.7 Transmutations
 + Level 4.7 Fire Magic
 + Level 4.7 Ice Magic
 + Level 4.7 Air Magic
 + Level 4.7 Earth Magic
 + Level 4.7 Poison Magic
 + Level 6.2 Invocations
 + Level 5.6 Evocations


You had 13 spell levels left.
You knew the following spells:

 Your Spells              Type           Power      Damage    Failure   Level
a - Tukima's Dance        Hex            11%        N/A       16%         3
b - Olgreb's Toxic Radia  Pois           11%        N/A       47%         4

Your spell library contained the following spells:

 Spells                   Type           Power      Damage    Failure   Level
 Sting                    Tmut/Pois      44%        1d5       5%          1
 Blink                    Tloc           22%        N/A       9%          2
 Ensorcelled Hibernation  Hex/Ice        22%        N/A       9%          2
 Lesser Beckoning         Tloc           22%        N/A       9%          2
 Momentum Strike          Conj/Tloc      22%        3d8       9%          2
 Passwall                 Tmut/Erth      9%         N/A       9%          2
 Poisonous Vapours        Pois/Air       22%        N/A       9%          2
 Gell's Gravitas          Tloc           11%        N/A       16%         3
 Swiftness                Air            11%        N/A       16%         3
 Teleport Other           Tloc           11%        N/A       16%         3
 Passage of Golubria      Tloc           11%        N/A       47%         4
 Yara's Violent Unravell  Hex/Tmut       5%         3d4       83%         5
 Orb of Destruction       Conj           5%         9d5       100%        7
 Summon Guardian Golem    Hex/Summ       Unusable   N/A       N/A         3
 Spellforged Servitor     Conj/Summ      Unusable   N/A       N/A         7

Dungeon Overview and Level Annotations

Branches:
Dungeon (10/15)            Temple (1/1) D:5            Lair (0/5) D:8
    Orc: D:9-12

Altars:
Ashenzari
Cheibriados
Dithmenos
Elyvilon
Fedhas
Gozag
Hepliaklqana
Kikubaaqudgha
Makhleb
Nemelex Xobeh
Okawaru
Qazlal
Ru
Sif Muna
Trog
Uskayaw
Vehumet
Wu Jian
Xom
Yredelemnul
Zin

Shops:
D:3 :   D:8 ?   D:9 (


Innate Abilities, Weirdness & Mutations

You have very sharp teeth.
Your uncanny sense of smell can sniff out nearby items.
Your experience applies equally to all skills.


Message History

You burn the tengu warrior.
The tengu warrior is lightly wounded.
The tengu warrior hits you from afar with a +2 glaive.
You barely miss the tengu warrior. You block the tengu warrior's attack.
The tengu warrior unwields a +0 arbalest.
The tengu warrior wields a +0 battleaxe.
The tengu warrior completely misses you.
The tengu warrior pecks you but does no damage.
You block the tengu warrior's attack.
You hit the tengu warrior but do no damage.
The tengu warrior hits you from afar with a +2 glaive.
The tengu warrior completely misses you.
The tengu warrior pecks you. You block the tengu warrior's attack.
You barely miss the tengu warrior. Your bite misses the tengu warrior.
The tengu warrior completely misses you.
The tengu warrior barely misses you.
The tengu warrior pecks you but does no damage.
The tengu warrior barely misses you.
You miss the tengu warrior.
You bite the tengu warrior, but do no damage.
The tengu warrior hits you from afar with a +2 glaive.
You block the tengu warrior's attack. The tengu warrior barely misses you.
You block the tengu warrior's attack.
You miss the tengu warrior. Your bite misses the tengu warrior.
The tengu warrior hits you from afar with a +2 glaive!
The tengu warrior hits you with a +0 battleaxe!
* * * LOW HITPOINT WARNING * * *
The tengu warrior pecks you.
* * * LOW HITPOINT WARNING * * *
You block the tengu warrior's attack.
You are too injured to fight recklessly!
You are too injured to fight recklessly!
You are too injured to fight recklessly!
As you read the scroll of fear, it crumbles to dust.
You assume a fearsome visage.
The tengu warrior looks frightened! x2
The kobold looks frightened!
The tengu warrior unwields a +0 battleaxe.
The tengu warrior wields a +0 arbalest.
The tengu warrior shoots a bolt.
You block the bolt.
Are you sure you want to abandon this character and quit the game? (Confirm with "yes".)

####################
#..................#
#.................Q#
#.......######)#...#
#.......#>....Q#...##
#...@...#....)K#.....
...........#......#.....
...........#.Q....#.....
...........##'#####.....
...........QK.....Q.....
..............##########
..............#
..............#
######..#


You could see a tengu warrior and a kobold.

Vanquished Creatures
  3 wraiths (D:10)
  A yak (D:6)
  Grum (D:8)
  2 steam dragons
  3 acid dragons
  A water moccasin (D:6)
  2 orc warriors
  2 ice beasts
  3 ogres
  3 wolves (D:8)
  3 centaurs
  3 kobold brigands
  2 gnoll sergeants
  5 bullfrogs
  5 scorpions
  8 wights
  3 howler monkeys (D:7)
  4 crimson imps (D:7)
  2 orc priests
  2 hounds (D:7)
  A jelly (D:6)
  2 sleepcaps
  3 gnoll boudas
  An iguana (D:6)
  Natasha (D:2)
  13 orc wizards
  25 gnolls
  12 adders
  A shadow imp (D:7)
  2 white imps
  An ufetubus (D:6)
  A worm (D:2)
  3 dart slugs
  43 orcs
  5 ball pythons
  5 endoplasms
  A giant cockroach (D:4)
  6 goblins
  5 hobgoblins
  3 jackals (D:5)
  2 quokkas
  3 bats
  A frilled lizard (D:2)
  20 kobolds
  2 rats
220 creatures vanquished.

Notes
Turn   | Place    | Note
-------+----------+-------------------------------------------
     0 | D:1      | Renzlar the Gnoll Fighter began the quest for the Orb.
     0 | D:1      | Reached XP level 1. HP: 23/23 MP: 1/1
   195 | D:1      | Reached XP level 2. HP: 29/29 MP: 2/2
   747 | D:2      | Reached XP level 3. HP: 23/35 MP: 3/3
   808 | D:2      | Reached skill level 1 in Invocations
  1011 | D:2      | Reached skill level 1 in Short Blades
  1011 | D:2      | Reached skill level 1 in Long Blades
  1011 | D:2      | Reached skill level 1 in Maces & Flails
  1011 | D:2      | Reached skill level 1 in Polearms
  1011 | D:2      | Reached skill level 1 in Staves
  1011 | D:2      | Reached skill level 1 in Ranged Weapons
  1011 | D:2      | Reached skill level 1 in Throwing
  1011 | D:2      | Reached skill level 1 in Dodging
  1011 | D:2      | Reached skill level 1 in Stealth
  1011 | D:2      | Reached skill level 1 in Unarmed Combat
  1011 | D:2      | Reached skill level 1 in Spellcasting
  1011 | D:2      | Reached skill level 1 in Evocations
  1070 | D:2      | Noticed Natasha
  1079 | D:2      | Killed Natasha
  1080 | D:2      | Reached XP level 4. HP: 31/41 MP: 5/5
  1187 | D:2      | Reached skill level 1 in Conjurations
  1187 | D:2      | Reached skill level 1 in Hexes
  1187 | D:2      | Reached skill level 1 in Summonings
  1187 | D:2      | Reached skill level 1 in Necromancy
  1187 | D:2      | Reached skill level 1 in Translocations
  1187 | D:2      | Reached skill level 1 in Transmutations
  1187 | D:2      | Reached skill level 1 in Fire Magic
  1187 | D:2      | Reached skill level 1 in Ice Magic
  1187 | D:2      | Reached skill level 1 in Air Magic
  1187 | D:2      | Reached skill level 1 in Earth Magic
  1187 | D:2      | Reached skill level 1 in Poison Magic
  1814 | D:3      | Reached XP level 5. HP: 47/47 MP: 7/7
  2032 | D:3      | Found Nafuwul's Book Shoppe.
  2170 | D:4      | Identified the +1 pair of boots of Suqyze {+Blink Str+4}
  2345 | D:4      | Noticed an ogre
  2350 | D:4      | Killed an ogre
  2351 | D:4      | Reached skill level 5 in Axes
  2351 | D:4      | Reached XP level 6. HP: 53/53 MP: 8/8
  3256 | D:5      | Entered Level 5 of the Dungeon
  3256 | D:5      | Found a sacrificial altar of Ru.
  3333 | D:5      | Identified the +1 ring mail of Dogma {rElec rN+ Str+2}
  3339 | D:5      | Reached XP level 7. HP: 60/60 MP: 10/10
  3479 | D:5      | Found a staircase to the Ecumenical Temple.
  3490 | Temple   | Entered the Ecumenical Temple
  3871 | D:5      | Reached XP level 8. HP: 58/67 MP: 12/12
  4411 | D:6      | Noticed a yak
  4426 | D:6      | Killed a yak
  4625 | D:6      | Reached skill level 5 in Unarmed Combat
  4625 | D:6      | Reached XP level 9. HP: 60/73 MP: 14/14
  4632 | D:6      | Learned a level 3 spell: Tukima's Dance
  4735 | D:6      | Found an iron altar of Okawaru.
  4806 | D:6      | Became a worshipper of Warmaster Okawaru
  5538 | D:7      | Found a stormy altar of Qazlal.
  5690 | D:7      | Reached * piety under Okawaru
  6085 | D:7      | Reached skill level 5 in Invocations
  6171 | D:7      | Found a shimmering altar of Xom.
  6238 | D:7      | Reached ** piety under Okawaru
  6338 | D:8      | Found Eddowned's Magic Scroll Shoppe.
  6514 | D:8      | Identified the +0 robe of Claustrophobia {-Tele rF+++ rN+++
                  | Will-}
  6574 | D:8      | Found a staircase to the Lair.
  6703 | D:8      | Reached skill level 5 in Short Blades
  6703 | D:8      | Reached skill level 5 in Long Blades
  6703 | D:8      | Reached skill level 5 in Maces & Flails
  6703 | D:8      | Reached skill level 5 in Polearms
  6703 | D:8      | Reached skill level 5 in Staves
  6703 | D:8      | Reached skill level 5 in Ranged Weapons
  6703 | D:8      | Reached skill level 5 in Throwing
  6703 | D:8      | Reached skill level 5 in Dodging
  6703 | D:8      | Reached skill level 5 in Stealth
  6703 | D:8      | Reached skill level 5 in Spellcasting
  6703 | D:8      | Reached skill level 5 in Evocations
  6703 | D:8      | Reached XP level 10. HP: 81/81 MP: 17/17
  6727 | D:8      | Noticed Grum
  6766 | D:8      | Killed Grum
  7009 | D:9      | Found Zubumm's Weapon Boutique.
  7029 | D:9      | Reached *** piety under Okawaru
  7927 | D:9      | Learned a level 4 spell: Olgreb's Toxic Radiance
  7990 | D:10     | Entered Level 10 of the Dungeon
  8130 | D:10     | Reached **** piety under Okawaru
  8214 | D:10     | Noticed a tengu warrior
  8216 | D:10     | Noticed a tengu warrior
  8252 | D:10     | Quit the game

Illustrated notes

Levels and vault maps discovered:
D:1:      evilmike_arrival_crescent, layout_rooms
D:2:      layout_basic, uniq_natasha
D:3:      layout_basic, serial_shops, nicolae_shop_tiny_real_fake_doors,
          st_stairs_3, grunt_ministairs_13, minmay_misc_feat_hallway
D:4:      layout_basic, minivault_27
D:5:      layout_rooms, nicolae_ru_awakened_eye,
          minmay_temple_entry_statues_fountains, dk_noncrumbling_3,
          grunt_ministairs_9, nicolae_zen_rock_garden, minmay_misc_feat_square
D:6:      kennysheep_big_flooded_room, layout_loops_ring, lemuel_tele_altar
D:7:      layout_gridville, nicolae_qazlal_scattered_showers, led_xom_imps
D:8:      layout_rooms, dpeg_oklobed_lair, serial_shops, nicolae_stop_n_shop_1,
          uniq_grum
D:9:      layout_long_grid, serial_shops, nicolae_shop_bloodbath_and_beyond
D:10:     layout_irregular_city, mainiacjoe_overflow_paths, hiddenorc2_lemuel,
          serial_shops, kennysheep_mini
Temple:   minmay_temple_bridge_d

Skill      XL: |  1  2  3  4  5  6  7  8  9 10 |
---------------+-------------------------------+-----
Invocations    | 1 2 3 4 5 6 |  6.2
Short Blades   | 1 2 3 5 |  5.6
Long Blades    | 1 2 3 5 |  5.6
Maces & Flails | 1 2 3 5 |  5.6
Polearms       | 1 2 3 5 |  5.6
Staves         | 1 2 3 5 |  5.6
Ranged Weapons | 1 2 3 5 |  5.6
Throwing       | 1 2 3 5 |  5.6
Dodging        | 1 2 3 5 |  5.6
Stealth        | 1 2 3 5 |  5.6
Unarmed Combat | 1 2 3 5 6 7 |  7.7
Spellcasting   | 1 2 3 5 |  5.6
Evocations     | 1 2 3 5 |  5.6
Conjurations   | 1 2 3 4 |  4.7
Hexes          | 1 2 3 4 |  4.7
Summonings     | 1 2 3 4 |  4.7
Necromancy     | 1 2 3 4 |  4.7
Translocations | 1 2 3 4 |  4.7
Transmutations | 1 2 3 4 |  4.7
Fire Magic     | 1 2 3 4 |  4.7
Ice Magic      | 1 2 3 4 |  4.7
Air Magic      | 1 2 3 4 |  4.7
Earth Magic    | 1 2 3 4 |  4.7
Poison Magic   | 1 2 3 4 |  4.7
Axes           | 5 6 7 |  7.4
Fighting       | 7 8 |  8.8
Armour         | 7 8 |  8.8
Shields        | 7 8 |  8.8

Action                     |  1- 3 |  4- 6 |  7- 9 | 10-12 || total
---------------------------+-------+-------+-------+-------++-------
  Melee: War axe           |    72 |   120 |   223 |       ||   415
         Bite              |     7 |    17 |    33 |    16 ||    73
         Dagger            |       |       |     9 |     1 ||    10
         Flail             |       |       |     7 |       ||     7
         Demon trident     |       |       |    87 |   182 ||   269
   Fire: Sling             |       |       |       |     5 ||     5
  Throw: Dart              |       |     2 |     3 |       ||     5
         Javelin           |       |     2 |       |       ||     2
  Evoke: Wand              |       |     3 |       |       ||     3
    Use: Scroll            |     4 |     9 |     6 |     4 ||    23
         Potion            |       |     1 |     1 |       ||     2
   Stab: Sleeping          |       |       |     3 |     1 ||     4
 Armour: Scale mail        |    25 |    50 |    21 |       ||    96
         Ring mail         |       |       |   100 |    42 ||   142
  Dodge: Dodged            |    29 |    55 |   296 |   121 ||   501
  Block: Buckler           |    19 |    29 |   103 |    75 ||   226
